 Dungeon Crawl Stone Soup version 0.27.1-33-g824d729ab1 (webtiles) character file.

Game seed: 12670222737598274529

835 zeram the Covert (level 7, -1/40 HPs)
             Began as a Gargoyle Brigand on Dec 14, 2021.
             Was an Initiate of Dithmenos.
             Slain by Prince Ribbit (9 damage)
             ... on level 5 of the Dungeon.
             The game lasted 00:11:12 (5604 turns).

zeram the Covert (Gargoyle Brigand)                 Turns: 5604, Time: 00:11:12

Health: -1/40      AC:  9    Str: 15    XL:     7   Next: 98%
Magic:  7/7        EV: 11    Int: 19    God:    Dithmenos [......]
Gold:   215        SH:  0    Dex: 11    Spells: 6/6 levels left

rFire    . . .     SeeInvis .   p - +1 dagger (venom)
rCold    . . .     Faith    .   (no shield)
rNeg     + . .     Spirit   .   b - +0 robe
rPois    ∞         Reflect  .   (no helmet)
rElec    +         Harm     .   c - +0 cloak
rCorr    .         Rampage  .   (no gloves)
Will     +....                  l - +1 pair of boots
Stlth    ++++......             o - amulet of regeneration
HPRegen  1.13/turn              g - +6 ring of intelligence
MPRegen  0.10/turn              (no ring)

@: mighty, attractive
A: sickness immunity, AC +4, negative energy resistance 1, electricity
resistance, torment resistance 1, petrification resistance, strong-willed 1
a: Renounce Religion


You were on level 5 of the Dungeon.
You worshipped Dithmenos.
Dithmenos was noncommittal.
You visited 2 branches of the dungeon, and saw 6 of its levels.

You collected 215 gold pieces.

Inventory:

Hand Weapons
 a - a +2 dagger
 p - a +1 dagger of venom (weapon)
Missiles
 d - 8 poisoned darts (quivered)
 e - 2 curare-tipped darts
 k - 2 throwing nets
Armour
 b - a +0 robe (worn)
 c - a +0 cloak (worn)
 l - a +1 pair of boots (worn)
Jewellery
 g - a +6 ring of intelligence (left hand)
 h - a ring of magical power
 o - an amulet of regeneration (around neck)
Wands
 f - a wand of flame (13)
 q - a wand of charming (9)
Scrolls
 i - 2 scrolls of fog
 j - a scroll of noise
Potions
 m - a potion of resistance
 n - a potion of magic


   Skills:
 - Level 2.1 Fighting
 - Level 1.7 Short Blades
 - Level 1.7 Throwing
 - Level 0.7 Dodging
 + Level 11.1 Stealth


You had 6 spell levels left.
You didn't know any spells.
Your spell library contained the following spells:

 Spells                   Type           Power      Damage    Failure   Level
 Sting                    Tmut/Pois      0%         1d3       21%         1
 Poisonous Vapours        Pois/Air       0%         N/A       30%         2
 Olgreb's Toxic Radiance  Pois           0%         N/A       90%         4
 Petrify                  Tmut/Erth      0%         N/A       90%         4
 Irradiate                Conj/Tmut      0%         3d14      99%         5
 Sublimation of Blood     Necr           Unusable   N/A       N/A         2

Dungeon Overview and Level Annotations

Branches:
Dungeon (5/15)             Temple (1/1) D:4

Altars:
Cheibriados
Dithmenos
Elyvilon
Fedhas
Gozag
Hepliaklqana
Kikubaaqudgha
Makhleb
Nemelex Xobeh
Okawaru
Qazlal
Sif Muna
Trog
Wu Jian
Xom
Zin

Annotations:
D:2 1 runed translucent door, Crazy Yiuf, Sigmund, Terence
D:5 Prince Ribbit


Innate Abilities, Weirdness & Mutations

You are immune to sickness and miasma.
Your stone body is resilient. (AC +4)
You are immune to poison.
You resist negative energy. (rN+)
You are resistant to electric shocks. (rElec)
You are resistant to unholy torment.
You are immune to petrification.
You are strong-willed. (Will+)


Message History

Prince Ribbit blinks!
Prince Ribbit blinks!
You barely miss Prince Ribbit.
Prince Ribbit is lightly wounded.
Prince Ribbit hits you!
You hit Prince Ribbit.
Prince Ribbit is moderately wounded.
Prince Ribbit looks more healthy.
Prince Ribbit hits you.
You hit Prince Ribbit.
Prince Ribbit is heavily wounded.
Prince Ribbit hits you!
You hit Prince Ribbit but do no damage.
Prince Ribbit is poisoned.
Prince Ribbit is heavily wounded.
Prince Ribbit hits you. x2
* * * LOW HITPOINT WARNING * * *
You miss Prince Ribbit.
Prince Ribbit is heavily wounded.
Prince Ribbit barely misses you.
You barely miss Prince Ribbit.
Prince Ribbit is heavily wounded.
Prince Ribbit lets out a mournful croak.
Prince Ribbit hits you!
* * * LOW HITPOINT WARNING * * *
It was a potion of might.
You feel very mighty all of a sudden.
Prince Ribbit hits you but does no damage. x2
It was a potion of attraction.
You feel attractive to monsters.
Prince Ribbit catches a blue-tailed skink with his tongue.
Prince Ribbit hits you.
* * * LOW HITPOINT WARNING * * *
You hit Prince Ribbit.
Prince Ribbit looks as sick as possible!
Prince Ribbit is heavily wounded.
Prince Ribbit closely misses you.
You closely miss Prince Ribbit.
Prince Ribbit is severely wounded.
Prince Ribbit casts a spell.
Prince Ribbit easily resists.
Prince Ribbit hits you!
You die...

≈≈≈≈##..##≈≈≈≈≈≈≈≈..##'#
#.....
≈≈#####'####≈≈≈≈≈≈≈.#..#
#....#
≈##≈≈.....###≈≈≈≈≈≈≈#..#
##>.###
##.≈......≈≈##≈≈≈≈≈≈#..#
#..##
..≈≈.......≈≈##≈≈≈≈.#..#
#..#
P≈≈#......#.≈.##≈≈.P####
#..#
≈≈###....###≈#.##≈≈≈(
##..#
≈≈≈#......#≈≈≈..##≈≈≈
###...###
≈≈≈........≈≈.##@##
#.......##
≈≈≈#......#≈≈≈.##F##
#..###....
≈.###....###.≈≈P...# #..
#####
≈≈≈#......#F≈≈≈...####
#.# #
≈≈≈........≈≈≈≈....P.#
#. ≈≈≈#...
..#≈≈≈≈.#..##.### ≈.##
.###.≈≈..#.P.P ≈≈≈#.
#≈≈≈≈.§...P## ≈≈≈..
..≈≈≈≈...##PP#


You could see Prince Ribbit (extremely poisoned).

Vanquished Creatures
  Eustachio (D:5)
  A black bear (D:4)
  A centaur (D:5)
  A phantom (D:2)
  A scorpion (D:5)
  A hound (D:5)
  Ijyb (D:5)
  An iguana (D:4)
  2 orc wizards (D:3)
  A scorpion zombie (D:5)
  3 gnolls (D:4)
  6 adders
  A shadow imp (D:5)
  A white imp (D:4)
  An ufetubus (D:5)
  An adder skeleton (D:4)
  4 worms
  4 dart slugs
  7 orcs
  4 endoplasms
  5 giant cockroaches
  10 goblins
  7 hobgoblins
  7 jackals (D:1)
  5 kobolds
  4 quokkas
  10 ball pythons
  5 bats
  4 frilled lizards
  A jackal skeleton (D:4)
  6 rats
107 creatures vanquished.

Vanquished Creatures (others)
  3 plants (D:5)
3 creatures vanquished.

Grand Total: 110 creatures vanquished

Notes
Turn   | Place    | Note
-------+----------+-------------------------------------------
     0 | D:1      | zeram the Gargoyle Brigand began the quest for the Orb.
     0 | D:1      | Reached XP level 1. HP: 12/12 MP: 1/1
    94 | D:1      | Reached skill level 5 in Stealth
    94 | D:1      | Reached XP level 2. HP: 17/17 MP: 2/2
   550 | D:1      | Reached XP level 3. HP: 16/21 MP: 3/3
   740 | D:1      | Noticed an eye of devastation
   741 | D:1      | Found a faded altar of an unknown god.
   748 | D:1      | Noticed a great orb of eyes
   750 | D:1      | Noticed a great orb of eyes
   755 | D:1      | Noticed an eye of devastation
  1013 | D:1      | Reached skill level 6 in Stealth
  1373 | D:2      | Noticed a phantom
  1391 | D:2      | Noticed Sigmund
  1726 | D:2      | Reached XP level 4. HP: 16/26 MP: 4/4
  2333 | D:2      | Killed a phantom
  2334 | D:2      | Reached skill level 7 in Stealth
  2334 | D:2      | Reached XP level 5. HP: 9/30 MP: 5/5
  2687 | D:2      | Gained mutation: You have a somewhat thin skeletal
                  | structure. (Dex +2, Stealth+) [potion of mutation]
  2687 | D:2      | Gained mutation: You are strong-willed. (Will+) [potion of
                  | mutation]
  2835 | D:2      | Found a runed translucent door.
  2836 | D:2      | Noticed Crazy Yiuf
  2856 | D:2      | Noticed Terence
  2869 | D:2      | Lost mutation: You are strong-willed. (Will+) [potion of
                  | mutation]
  2869 | D:2      | Lost mutation: You have a somewhat thin skeletal structure.
                  | (Dex +2, Stealth+) [potion of mutation]
  2869 | D:2      | Gained mutation: You are strong-willed. (Will+) [potion of
                  | mutation]
  3172 | D:3      | Reached skill level 8 in Stealth
  3238 | D:3      | Reached XP level 6. HP: 22/35 MP: 6/6
  3598 | D:3      | Found a bloodstained altar of Trog.
  4498 | D:4      | Reached skill level 9 in Stealth
  4680 | D:4      | Found a staircase to the Ecumenical Temple.
  4749 | D:4      | Noticed a black bear
  4759 | D:4      | Killed a black bear
  4760 | D:4      | Reached XP level 7. HP: 30/40 MP: 7/7
  4771 | D:4      | Found an iron altar of Okawaru.
  4776 | D:4      | Found a shimmering altar of Xom.
  4935 | Temple   | Entered the Ecumenical Temple
  5144 | Temple   | Became a worshipper of Dithmenos the Shadowed
  5199 | D:5      | Entered Level 5 of the Dungeon
  5213 | D:5      | Noticed Eustachio
  5217 | D:5      | Noticed Ijyb
  5236 | D:5      | Killed Ijyb
  5247 | D:5      | Reached skill level 10 in Stealth
  5260 | D:5      | Killed Eustachio
  5419 | D:5      | Reached skill level 11 in Stealth
  5575 | D:5      | Noticed Prince Ribbit
  5604 | D:5      | Slain by Prince Ribbit

Illustrated notes

Levels and vault maps discovered:
D:1:      psy_arrival_basics, layout_loops_cross,
          hellmonk_ecumenical_altar_watching_god, roderic_serpentine_path
D:2:      minmay_angry_zag, layout_loops_corners, uniq_sigmund,
          uniq_crazy_yiuf_cottage, uniq_terence
D:3:      layout_loops_corners, trog_three_pillars_becter,
          mrwooster_statue_mirror, patterned_corridor
D:4:      layout_basic, minitemple, lemuel_temple_firewalk_a
D:5:      wad_lake_hut, layout_layer_cave, mainiacjoe_overflow_cross_hatched,
          hangedman_glass_garden, uniq_eustachio, uniq_ijyb, uniq_prince_ribbit1
Temple:   nicolae_temple_figure_eight

Skill      XL: |  1  2  3  4  5  6  7 |
---------------+----------------------+-----
Stealth        | 5 6 7 8 9 11 | 11.1
Fighting       | |  2.1
Short Blades   | |  1.7
Throwing       | |  1.7
Dodging        | |  0.7

Action                   |  1- 3 |  4- 6 |  7- 9 || total
-------------------------+-------+-------+-------++-------
Melee: Dagger            |   159 |   233 |    92 ||   484
       Unarmed           |       |     2 |       ||     2
  Use: Scroll            |     2 |     6 |     2 ||    10
       Potion            |       |     3 |     3 ||     6
 Stab: Sleeping          |     7 |    15 |     1 ||    23
Armor: Robe              |    70 |    95 |    77 ||   242
Dodge: Dodged            |    90 |   122 |    92 ||   304
